 Dungeon Crawl Stone Soup version bcrawl-1.39.1 (webtiles) character file.

Game seed: 5033108788169966618

5020225 Grijm the Eclecticist (level 23, -17/181 HPs)
             Began as a Green Draconian Ice Elementalist on Sept 21, 2023.
             Was the Champion of Fedhas.
             Demolished by a caustic shrike (32 damage)
             ... on level 4 of the Depths on Sept 22, 2023.
             The game lasted 04:58:55 (82680 turns).

Grijm the Eclecticist (DrIE)                       Turns: 82680, Time: 04:58:56

Health: -17/181    AC:  9    Str: 14    XL:     23   Next: 23%
Magic:  34/47      EV: 16    Int: 22    God:    Fedhas [******]
Gold:   2893       SH: 10    Dex: 12    Spells: 23/62 levels left

rFire    + . .     GDR:     24% s - staff of cold
rCold    + . .     SeeInvis .   A - +4 buckler {reflect}
rNeg     . . .     Gourm    .   (armour unavailable)
rPois    +         Faith    .   (helmet restricted)
rElec    +         Spirit   .   k - scarf {stasis}
rCorr    .         Reflect  +   G - +2 pair of gloves
MR       +....                  R - +2 pair of boots
Stlth    ++........             f - amulet of Siurgho {Rage +Fly rF+ Slay+2}
HPRegen  0.40/turn              S - ring of wizardry {=R}
MPRegen  0.30/turn              N - ring of insulation

@: corroded, studying Dodging
A: breathe noxious fumes, unfitting armour, stinger 1, poison resistance,
cold-blooded, AC +11
}: 2/15 runes: decaying, serpentine
a: Breathe Noxious Fumes, Fungal Bloom, Sunlight, Evolution, Growth,
Reproduction, Renounce Religion, Evoke Berserk Rage, Evoke Flight


You were on level 4 of the Depths.
You worshipped Fedhas.
Fedhas was exalted by your worship.
You were hungry.

You visited 10 branches of the dungeon, and saw 38 of its levels.
You visited the Abyss 1 time.
You also visited: Sewer and Volcano.

You collected 5429 gold pieces.
You spent 2536 gold pieces at shops.

Inventory:

Hand Weapons
 a - a +7 whip of electrocution
Armour
 k - a scarf of stasis (worn)
 A - a +4 buckler of reflection (worn)
 G - a +2 pair of gloves (worn)
 H - a +2 cloak of invisibility
 R - a +2 pair of boots (worn)
Magical Staves
 d - an uncursed staff of air
 q - an uncursed staff of wizardry
 s - an uncursed staff of cold (weapon)
Jewellery
 f - the amulet of Siurgho (around neck) {Rage +Fly rF+ Slay+2}
   (You took it off a deep elf archer on level 3 of the Elven Halls)

   [amulet of rage]

   It affects your accuracy and damage with ranged weapons and melee attacks
   (+2).
   It protects you from fire.
   It lets you fly.
 v - the ring of Undoing {Fire rN+}
   (You found it on level 2 of the Depths)

   [ring of fire]

   It enhances your fire magic.
   It protects you from fire.
   It makes you vulnerable to cold.
   It protects you from negative energy.
 N - a ring of insulation (right hand)
 S - a ring of wizardry (left hand) {=R}
 T - an uncursed ring of protection from fire
 W - an uncursed ring of protection from cold
Wands
 m - a wand of acid (5)
 D - a wand of scattershot (8)
 F - a wand of iceblast (76)
 L - a wand of clouds (11)
 M - a wand of paralysis (8)
 U - a wand of charming (15)
 V - a wand of digging (3)
Scrolls
 b - 3 scrolls of silence
 h - 5 scrolls of revelation
 j - 13 scrolls of teleportation
 l - 9 scrolls of immolation
 p - 4 scrolls of fog
 y - 3 scrolls of noise
 I - 4 scrolls of fear
 Q - a scroll of summoning
 Y - 2 scrolls of blinking
Potions
 n - 2 potions of haste {pickup}
 o - 20 potions of curing
 t - 3 potions of resistance
 u - 3 potions of berserk rage
 w - 5 potions of flight
 z - 14 potions of mutation
 B - 8 potions of heal wounds
 C - 6 potions of lignification
 E - 2 potions of ambrosia
 J - 8 potions of agility
 O - 3 potions of cancellation
 P - 5 potions of brilliance
 X - 5 potions of invisibility
 Z - 2 potions of magic
Miscellaneous
 c - a phial of floods
 g - a lamp of fire
 i - a box of beasts
 r - a sack of spiders
 K - a fan of gales (1/2)
Comestibles
 e - 20 rations {!d}


   Skills:
 - Level 10.0 Fighting
 - Level 10.0 Maces & Flails
 - Level 10.0 Dodging
 - Level 2.0 Stealth
 - Level 8.0 Shields
 - Level 20.0 Spellcasting
 + Level 17.2 Conjurations
 - Level 2.0 Transmutations
 - Level 2.0 Fire Magic
 + Level 17.2 Ice Magic
 + Level 17.2 Air Magic
 - Level 10.0 Poison Magic
 - Level 6.0 Invocations
 - Level 4.0 Evocations


You had 23 spell levels left.
You knew the following spells:

 Your Spells              Type           Power        Failure   Level  Hunger
a - Glaciate              Conj/Ice/Air   #######...   9%          8    None
b - Throw Frost           Conj/Ice       ######       0%          2    None
c - Throw Icicle          Conj/Ice       #######.     1%          4    None
d - Venom Bolt            Conj/Pois      ######....   1%          5    None
e - Ignite Poison         Fire/Tmut/Pois #####...     1%          3    None
f - Icicle Burst          Conj/Ice       #######...   1%          7    None
g - Chain Lightning       Conj/Air       #######...   9%          8    ####...
y - Poisonous Vapours     Pois/Air       ######       0%          2    None

Your spell library contained the following spells:

 Spells                   Type           Power        Failure   Level  Hunger
 Freeze                   Ice            ######       0%          1    None
 Magic Dart               Conj           ####         0%          1    None
 Sting                    Conj/Pois      ####         0%          1    None
 Shock                    Conj/Air       #######      0%          2    None
 Apportation              Tloc           ###...       1%          1    None
 Blink Other              Tloc           ###...       1%          1    None
 Corona                   Hex            ###....      1%          1    None
 Flame Tongue             Conj/Fire      #####        1%          1    None
 Infusion                 Chrm           ###.....     1%          1    None
 Sandblast                Erth           ###...       1%          1    None
 Slow                     Hex            ###.....     1%          1    None
 Summon Butterflies       Summ           ###.....     1%          1    None
 Summon Small Mammal      Summ           ###.         1%          1    None
 Flaming Arrows           Chrm/Fire      ####....     1%          2    None
 Passwall                 Tmut/Erth      ####....     1%          2    None
 Conjure Flame            Conj/Fire      ######..     1%          3    None
 Ozocubu's Armour         Chrm/Ice       ######..     1%          3    None
 Stone Arrow              Conj/Erth      ######       1%          3    None
 Ice Form                 Ice/Tmut       #######.     1%          4    None
 Olgreb's Toxic Radiance  Pois           ######...    1%          4    None
 Sticky Flame             Conj/Fire      ######..     1%          4    None
 Summon Ice Beast         Ice/Summ       ######..     1%          4    None
 Summon Scorpions         Summ/Pois      #####...     1%          4    None
 Fireball                 Conj/Fire      ######....   1%          5    None
 Summon Lightning Spire   Summ/Air       ######..     1%          5    None
 Conjure Ball Lightning   Conj/Air       #######...   1%          6    None
 Ozocubu's Refrigeration  Ice            #######...   1%          6    None
 Orb of Destruction       Conj           #######...   1%          7    #......
 Blink                    Tloc           N/A          2%          2    None
 Call Imp                 Summ           ###...       2%          2    None
 Inner Flame              Hex/Fire       N/A          2%          3    None
 Bolt of Magma            Conj/Fire/Erth ######....   2%          5    None
 Call Canine Familiar     Summ           ###.....     4%          3    None
 Portal Projectile        Tloc           ###...       4%          3    None
 Teleport Other           Tloc           ###.....     4%          3    None
 Bolt of Fire             Conj/Fire      ######....   4%          6    None
 Iron Shot                Conj/Erth      ######....   6%          6    None
 Petrify                  Tmut/Erth      ####......   10%         4    None
 Steam Barrier            Chrm/Fire      ####......   26%         5    None
 Lee's Rapid Deconstruct  Erth           ###.......   36%         5    None
 Passage of Golubria      Tloc           N/A          36%         5    None
 Statue Form              Tmut/Erth      ####.....    78%         6    None
 Lehudib's Crystal Spear  Conj/Erth      ######....   93%         8    ####...
 Tornado                  Tloc/Air       ######....   93%         8    ####...
 Ignition                 Fire           ####......   100%        8    ####...
 Fire Storm               Conj/Fire      ######....   100%        9    #####..
 Shatter                  Erth           ###.......   100%        9    #####..


Dungeon Overview and Level Annotations

Branches:
Dungeon (12/12)            Temple (1/1) D:4            Lair (6/6) D:8
  Swamp (3/3) Lair:3        Snake (3/3) Lair:4        Slime (0/5) Orc
    Orc (1/1) D:11            Elf (3/3) Lair:5       Vaults (2/3) D:11
  Crypt (2/2) Vaults:2       Tomb (0/3) Crypt:2      Depths (5/5) D:12
    Zot: Depths:5

Altars:
Ashenzari
Cheibriados
Dithmenos
Elyvilon
Fedhas
Gozag
Hepliaklqana
Kikubaaqudgha
Lugonu
Makhleb
Nemelex Xobeh
Okawaru
Qazlal
Ru
Sif Muna
Trog
Uskayaw
Vehumet
Wu Jian
Xom
Yredelemnul
Zin
The Shining One
Jiyva

Shops:
D:6 (}   D:7 [   Orc }=**   Elf:2 }   Vaults:1 [*:=   Vaults:2 :[[*:
Depths:3 =}=

Portals:
Hell: Depths:1 Depths:2 Depths:3 Depths:4
Abyss: Depths:4
Pandemonium: Depths:2 Depths:3

Annotations:
D:12 exclusion: orange crystal statue
Swamp:2 Roxanne
Snake:1 1 transporter


Innate Abilities, Weirdness & Mutations

You can breathe blasts of noxious fumes.
Your lurid green scales are hard. (AC +11)
You cannot fit into any form of body armour.
Your tail ends in a poisonous barb.
Your system is resistant to poisons. (rPois)
You are cold-blooded and may be slowed by cold attacks.


Message History

* * * LOW HITPOINT WARNING * * *
Your stasis prevents you from teleporting.
You barely miss the caustic shrike.
The caustic shrike is severely wounded.
The caustic shrike claws you but does no damage.
The caustic shrike barely misses you. The caustic shrike closely misses you.
The caustic shrike claws you!
* * * LOW HITPOINT WARNING * * *
You are splashed with acid.
* * * LOW HITPOINT WARNING * * *
You closely miss the caustic shrike.
The caustic shrike is severely wounded.
The caustic shrike misses you. x2; The caustic shrike closely misses you.
You miss the caustic shrike.
You tail-slap the caustic shrike, but do no damage.
The caustic shrike is severely wounded.
You block the caustic shrike's attack. The caustic shrike barely misses you.
The caustic shrike claws you!!
You die...
Fedhas appreciates your contribution to the ecosystem.

#≈≈≈≈≈≈≈≈## ###....#.#.#
≈≈≈≈≈≈≈≈≈≈## #.....[###.#
≈≈≈≈≈≈≈≈≈≈≈####.#........#
≈≈≈≈≈≈≈≈≈≈≈≈#...#.##.#####
≈≈≈≈≈≈≈≈≈≈≈≈#.###....#
≈≈≈≈≈≈≈≈≈≈≈##....#####
≈≈≈≈≈≈≈≈≈≈######.#
#≈≈≈≈≈≈≈≈#######b#
..≈≈≈≈≈≈.......b@#
###≈≈≈≈###.##############
# ##≈≈## #.# #........# ##
#### #[# #........# ≈##
#)# ##........# ≈≈# #.#
##≈........# ≈≈#
#[###≈≈........# ≈.##
#.##≈≈≈≈≈####### #..#
#.#≈≈≈≈≈≈≈#


You could see 2 caustic shrikes.

Vanquished Creatures
  2 juggernauts
  Xtahua (Depths:4)
  A greater mummy (Depths:3)
  A golden dragon (Depths:4)
  A Killer Klown (Depths:2)
  4 caustic shrikes (Depths:4)
  2 bone dragons
  Nikola (Elf:3)
  2 rockslimes
  A lich (Depths:2)
  3 wendigos
  2 deep elf blademasters (Elf:3)
  6 ancient champions
  2 titans
  An Executioner (Abyss:1)
  4 deep elf master archers (Elf:3)
  3 sphinxes
  7 ghouls
  2 tengu reavers
  8 nagarajas
  3 fire giants
  2 frost giants
  8 deep elf sorcerers
  4 orc warlords
  3 vault wardens
  4 curse skulls (Crypt:2)
  3 spriggan defenders
  3 reapers
  8 stone giants
  2 juggernaut zombies (Depths:3)
  A caustic shrike zombie (Depths:3)
  5 ironheart preservers
  2 jiangshi
  10 very ugly things
  6 vampire knights
  4 deep elf demonologists (Elf:3)
  9 deep elf annihilators (Elf:3)
  5 spark wasps
  An entropy weaver (shapeshifter) (Depths:2)
  2 dire elephants (Vaults:2)
  4 ettins
  6 deep elf death magi
  An eidolon (Crypt:1)
  8 fire dragons
  3 yaktaur captains
  7 deep elf high priests (Elf:3)
  A monstrous demonspawn (Depths:3)
  5 ice dragons
  16 hydras
  3 vault guards
  5 rakshasas
  A spriggan air mage (Depths:3)
  2 shadow wraiths
  20 naga warriors
  9 great orbs of eyes
  The ghost of Mehrunes the Martial Artist, a journeyman OpTm of Cheibriados (D:9)
  A death knight (Vaults:1)
  11 ogre magi
  9 anacondas
  5 deep troll earth magi
  7 alligators
  A tengu warrior (Elf:3)
  29 dancing weapons
  2 death yaks
  26 two-headed ogres
  14 naga sharpshooters
  15 sea snakes (Snake:3)
  A titan zombie (Depths:3)
  An orc high priest (Elf:2)
  6 shock serpents
  An ironheart beastmaster (Vaults:2)
  3 spriggan berserkers
  16 deep elf knights
  A fire crab (shapeshifter) (D:9)
  2 storm dragon zombies (Depths:3)
  9 deep trolls
  2 soul eaters
  2 salamander mystics
  A sixfirhy (Abyss:1)
  5 hell knights (Depths:2)
  9 centaur warriors
  23 skeletal warriors
  An infernal demonspawn (Depths:2)
  2 unseen horrors (D:12)
  An iron giant zombie (Crypt:2)
  2 golden dragon zombies
  5 naga ritualists
  2 starcursed masses (Abyss:1)
  2 death drakes
  5 wizards
  2 spriggan druids
  7 phantasmal warriors
  4 glowing orange brains
  11 deep elf archers
  8 swamp dragons
  Pikel (D:7)
  A shadow demon (Depths:2)
  2 cyclopes
  A wolf spider (shapeshifter) (Depths:4)
  10 ironheart convokers
  4 necromancers
  A golden dragon skeleton (Crypt:1)
  12 orc knights
  A lindwurm (Lair:6)
  20 mana vipers
  10 ugly things
  An apocalypse crab (Abyss:1)
  4 orc sorcerers
  3 manticores
  2 fire giant zombies (Depths:3)
  50 deep elf magi
  2 stone giant zombies
  A worldbinder (Abyss:1)
  A manticore (shapeshifter) (Vaults:2)
  4 elephants (Lair:6)
  A sea snake zombie (Crypt:2)
  An elephant (shapeshifter) (Vaults:2)
  14 salamanders
  12 guardian serpents
  35 black mambas
  3 will-o'-wisps
  3 orange demons
  A rust devil (Depths:3)
  15 naga magi
  A black mamba (shapeshifter) (Elf:2)
  3 molten gargoyles (Lair:6)
  9 vault sentinels
  2 ice statues (Snake:2)
  A gargoyle (D:12)
  A cane toad (shapeshifter) (Depths:1)
  A dire elephant skeleton (Crypt:2)
  12 cane toads
  20 yaktaurs
  A smoke demon (Abyss:1)
  3 rime drakes
  A yaktaur (shapeshifter) (Depths:2)
  6 kobold demonologists
  2 efreet
  15 flying skulls
  4 freezing wraiths
  7 komodo dragons
  4 guardian mummies
  The ghost of Burana the Sneak, a novice VSAc (D:6)
  3 tengu conjurers (Vaults:1)
  An eye of draining (Abyss:1)
  A merfolk (shapeshifter) (D:12)
  2 trolls
  Prince Ribbit (D:5)
  3 tyrant leeches
  11 hornets
  14 blink frogs
  3 harpy skeletons
  An ettin zombie (Depths:1)
  15 bog bodies
  An alligator zombie (Crypt:2)
  A dream sheep (Lair:6)
  8 raiju (Abyss:1)
  10 hippogriffs
  A meliai zombie (D:10)
  A human simulacrum (Vaults:1)
  37 slime creatures
  4 large abominations (Abyss:1)
  2 shadows
  A fire dragon zombie (Crypt:1)
  Sigmund (D:5)
  An ettin skeleton (Depths:1)
  22 water elementals
  11 spriggans
  2 ynoxinuls
  7 wraiths
  3 air elementals
  8 wyverns
  A yak (shapeshifter) (Depths:2)
  19 humans (D:11)
  17 yaks
  A vampire (D:12)
  A basilisk (shapeshifter) (Abyss:1)
  A hungry ghost (D:12)
  4 fire elementals
  A neqoxec (Depths:3)
  A chaos spawn (Abyss:1)
  13 vampire mosquitoes
  10 basilisks
  9 swamp worms
  8 wargs (Orc)
  A warg (shapeshifter) (Depths:4)
  Duvessa (D:7)
  11 crocodiles
  58 nagas
  An acid dragon (D:7)
  4 hell hounds (Lair:6)
  6 porcupines
  17 water moccasins
  37 orc warriors
  A soldier ant (D:11)
  4 black bears
  A two-headed ogre skeleton (Crypt:2)
  A gelid demonspawn skeleton (Crypt:1)
  11 swamp drakes
  A swamp drake (shapeshifter) (Elf:2)
  2 slaves (D:7)
  8 sky beasts
  A hornet zombie (D:10)
  A manticore zombie (Crypt:1)
  A soldier ant (shapeshifter) (Vaults:1)
  27 ogres
  A necrophage (Crypt:2)
  4 wolves
  5 boggarts (Vaults:2)
  A wolf (shapeshifter) (Depths:4)
  13 bullfrogs
  4 earth elementals
  8 kobold brigands
  A wyvern skeleton (D:9)
  2 centaurs
  5 scorpions
  2 water moccasin skeletons
  5 killer bees (D:11)
  4 small abominations (Abyss:1)
  9 wights
  2 electric eels (Orc)
  2 howler monkeys (D:9)
  11 orc priests
  3 lava snakes (Lair:6)
  4 quasits
  7 crimson imps
  Crazy Yiuf (D:5)
  2 bullfrog skeletons
  9 hounds
  10 jellies
  3 iguanas
  3 orc wizards
  7 worker ants
  2 tengu zombies
  An ogre skeleton (Crypt:2)
  18 mummies
  2 howler monkey skeletons
  17 gnolls
  A gnoll (shapeshifter) (Elf:2)
  17 adders
  3 river rats
  9 shadow imps
  3 white imps
  An oni zombie (Crypt:2)
  2 oozes (D:5)
  2 adder skeletons
  3 worms
  A barachi zombie (Crypt:1)
  A dart slug (D:3)
  3 leopard geckos
  71 orcs
  3 ball pythons
  4 bats
  3 giant cockroaches
  4 goblins
  4 hobgoblins
  14 jackals
  52 kobolds
  A quokka (D:2)
  5 frilled lizards
  A frilled lizard zombie (Crypt:1)
  A goblin skeleton (Crypt:2)
  A jackal skeleton (D:5)
  13 kobold skeletons
  6 kobold zombies (D:8)
  A quokka skeleton (D:3)
  6 rats
1656 creatures vanquished.

Vanquished Creatures (collateral kills)
  the Lernaean hydra (Swamp:3)
  A killer bee (D:11)
2 creatures vanquished.

Vanquished Creatures (others)
  A stone giant (Depths:1)
  2 oklob plants
  3 hydras
  A shambling mangrove (Swamp:3)
  2 naga warriors (Snake:3)
  2 death yaks (Lair:6)
  An alligator (Swamp:3)
  A naga sharpshooter (Snake:3)
  A centaur warrior (Vaults:1)
  A salamander mystic (Snake:3)
  A swamp dragon (Swamp:3)
  2 deep elf archers (Elf:1)
  A wolf spider zombie (D:9)
  A naga mage (Snake:3)
  A black mamba (Lair:4)
  A yaktaur (Vaults:2)
  A cane toad (Swamp:3)
  3 hornets (Swamp:3)
  2 bog bodies (Swamp:3)
  3 blink frogs (Lair:4)
  A hippogriff (Lair:4)
  A spriggan (Depths:4)
  3 vampire mosquitoes (Swamp:3)
  2 swamp worms (Swamp:3)
  9 nagas (Snake:3)
  2 water moccasins (Lair:4)
  A porcupine (Lair:4)
  2 swamp drakes (Swamp:3)
  2 slaves (D:7)
  A necrophage (D:6)
  3 boggarts (Swamp:3)
  A tengu (Lair:2)
  A centaur (D:12)
  Dowan (D:7)
  A worker ant zombie (D:8)
  An adder (Lair:4)
  A ball python (Lair:4)
  2 blocks of ice (Depths:4)
  A bush (Swamp:3)
  62 fungi
  74 plants
  27 toadstools
230 creatures vanquished.

Grand Total: 1888 creatures vanquished

Notes
Turn   | Place    | Note
-------+----------+-------------------------------------------
     0 | D:1      | Grijm the Draconian Ice Elementalist began the quest for
                  | the Orb.
     0 | D:1      | Reached XP level 1. HP: 14/14 MP: 3/3
   150 | D:1      | Reached XP level 2. HP: 20/20 MP: 3/5
   154 | D:1      | Learned a level 2 spell: Throw Frost
   978 | D:2      | Reached skill level 3 in Spellcasting
   978 | D:2      | Reached XP level 3. HP: 26/26 MP: 5/7
  1347 | D:2      | Reached XP level 4. HP: 30/33 MP: 0/9
  1477 | D:2      | Found a shattered altar of Ashenzari.
  1797 | D:3      | Found a glowing drain.
  1809 | D:3      | Reached skill level 4 in Spellcasting
  1827 | Sewer    | Entered a sewer
  1843 | Sewer    | Reached XP level 5. HP: 26/39 MP: 2/11
  2031 | Sewer    | Found a glowing silver altar of Zin.
  2256 | D:3      | Found a bloodstained altar of Trog.
  2366 | D:3      | Reached XP level 6. HP: 50/50 MP: 9/12
  2480 | D:3      | Learned a level 4 spell: Throw Icicle
  3006 | D:4      | Found a staircase to the Ecumenical Temple.
  3032 | D:4      | Your scales start taking on a lurid green colour.
  3032 | D:4      | Reached XP level 7. HP: 55/59 MP: 0/13
  3032 | D:4      | Gained mutation: Your system is resistant to poisons.
                  | (rPois) [Green Draconian growth]
  3456 | D:4      | Reached skill level 5 in Conjurations
  4110 | Temple   | Entered the Ecumenical Temple
  4340 | Temple   | Became a worshipper of Fedhas Madash
  4365 | D:5      | Entered Level 5 of the Dungeon
  4547 | D:5      | Reached skill level 1 in Invocations
  4547 | D:5      | Reached skill level 1 in Evocations
  4648 | D:5      | Noticed Prince Ribbit
  4668 | D:5      | Killed Prince Ribbit
  4669 | D:5      | Reached XP level 8. HP: 43/66 MP: 7/14
  5068 | D:5      | Reached * piety under Fedhas
  5176 | D:5      | Noticed Sigmund
  5199 | D:5      | Killed Sigmund
  5399 | D:5      | Found a runed door.
  5439 | D:5      | Found a glowing silver altar of Zin.
  5575 | D:5      | Noticed Crazy Yiuf
  5578 | D:5      | Killed Crazy Yiuf
  6120 | D:6      | Found Uxigaeqa's Antique Weapon Shoppe.
  6166 | D:6      | Found a runed translucent gate.
  6166 | D:6      | Found a runed translucent gate.
  6166 | D:6      | Found a runed translucent gate.
  6166 | D:6      | Found an opulent altar of Gozag.
  6167 | D:6      | Noticed Burana's ghost (novice VSAc)
  6168 | D:6      | Noticed a cyclops
  6188 | D:6      | Reached XP level 9. HP: 71/71 MP: 2/15
  6617 | D:6      | Reached ** piety under Fedhas
  6632 | D:6      | Found Ygithraf's Gadget Boutique.
  6916 | D:5      | Found an opulent altar of Gozag.
  6916 | D:5      | Found a shimmering altar of Xom.
  6982 | D:7      | Found Elloff's Antique Armour Boutique.
  6988 | D:7      | Bought a pair of embroidered gloves for 232 gold pieces
  7013 | D:7      | Noticed Pikel
  7341 | D:7      | Killed Pikel
  7342 | D:7      | Reached skill level 5 in Spellcasting
  7372 | D:7      | Killed Dowan
  7389 | D:7      | Noticed Duvessa
  7653 | D:7      | Killed Duvessa
  8154 | D:7      | Reached *** piety under Fedhas
  8246 | D:8      | Reached skill level 10 in Conjurations
  8294 | D:8      | Found a glowing golden altar of the Shining One.
  8306 | D:8      | Reached skill level 6 in Spellcasting
  8687 | D:8      | Noticed a komodo dragon
  8692 | D:8      | Killed a komodo dragon
  8693 | D:8      | Reached XP level 10. HP: 78/78 MP: 2/19
  8887 | D:8      | Reached skill level 5 in Ice Magic
  9037 | D:8      | Reached **** piety under Fedhas
  9166 | D:8      | Found a sparkling altar of Nemelex Xobeh.
  9258 | D:8      | Reached skill level 7 in Spellcasting
  9477 | D:8      | Reached skill level 8 in Spellcasting
  9625 | D:8      | Found a staircase to the Lair.
 10016 | D:8      | Noticed a soul eater
 10224 | D:8      | Found an ancient bone altar of Kikubaaqudgha.
 10340 | Lair:1   | Entered Level 1 of the Lair of Beasts
 10344 | Lair:1   | Reached skill level 9 in Spellcasting
 10438 | D:8      | Reached ***** piety under Fedhas
 10658 | Lair:1   | Found a dark tunnel.
 10663 | Volcano  | Entered a volcano
 10679 | Volcano  | Noticed an ogre mage
 10719 | Volcano  | Killed an ogre mage
 10720 | Volcano  | Reached skill level 10 in Spellcasting
 10720 | Volcano  | Reached XP level 11. HP: 57/85 MP: 15/25
 10894 | Volcano  | Found a bloodstained altar of Trog.
 10895 | Volcano  | Noticed a two-headed ogre
 11005 | Lair:1   | Reached skill level 5 in Fighting
 11558 | Lair:1   | Reached ****** piety under Fedhas
 12217 | Lair:2   | Reached skill level 1 in Maces & Flails
 13162 | Lair:3   | Noticed a six-headed hydra
 13168 | Lair:3   | Killed a six-headed hydra
 13169 | Lair:3   | Reached skill level 1 in Shields
 13231 | Lair:3   | Noticed a four-headed hydra
 13318 | Lair:3   | Killed a four-headed hydra
 13319 | Lair:3   | Reached skill level 10 in Fighting
 13595 | Lair:3   | Reached XP level 12. HP: 106/106 MP: 17/26
 13817 | Lair:3   | Noticed Fannar
 14028 | Lair:3   | Noticed Fannar
 14028 | Lair:3   | Fannar changed into Fannar the death drake
 14043 | Lair:2   | Killed Fannar the death drake
 14044 | Lair:2   | Reached skill level 5 in Maces & Flails
 14238 | Lair:3   | Found a staircase to the Swamp.
 14265 | Lair:3   | Noticed an eight-headed hydra
 14965 | Lair:3   | Killed an eight-headed hydra
 15702 | Lair:4   | Noticed a five-headed hydra
 16227 | Lair:4   | Killed a four-headed hydra
 16419 | Lair:4   | Found a staircase to the Snake Pit.
 16462 | Lair:4   | Killed a five-headed hydra
 16463 | Lair:4   | Reached skill level 10 in Maces & Flails
 16805 | Lair:4   | Reached skill level 5 in Shields
 17546 | Lair:5   | Found a sparkling altar of Nemelex Xobeh.
 17782 | Lair:5   | Noticed a five-headed hydra
 18428 | Lair:4   | Found a staircase to the Snake Pit.
 18627 | Lair:4   | Killed a five-headed hydra
 18628 | Lair:4   | Reached XP level 13. HP: 110/110 MP: 7/27
 18695 | Lair:5   | Reached skill level 5 in Invocations
 18742 | Lair:5   | Found a staircase to the Elven Halls.
 19143 | Lair:5   | Learned a level 5 spell: Venom Bolt
 19282 | Lair:6   | Entered Level 6 of the Lair of Beasts
 19303 | Lair:5   | Reached skill level 1 in Poison Magic
 20283 | Lair:6   | Reached skill level 5 in Poison Magic
 20945 | Lair:6   | Learned a level 3 spell: Ignite Poison
 21498 | Lair:6   | Noticed a fire dragon
 21499 | Lair:6   | Found a large runed door.
 21499 | Lair:6   | Noticed a fire dragon
 21709 | Lair:6   | Found a large runed door.
 22034 | Lair:6   | Reached skill level 10 in Poison Magic
 22608 | D:9      | Found a runed translucent door.
 22609 | D:9      | Noticed Mehrunes's ghost (journeyman OpTm)
 23251 | D:9      | Reached skill level 5 in Dodging
 23752 | D:9      | Found a faded altar of an unknown god.
 23752 | D:9      | Found a hazy altar of Hepliaklqana.
 23786 | D:9      | Found a faded altar of an unknown god.
 23904 | D:10     | Entered Level 10 of the Dungeon
 24314 | D:10     | Found a snail-covered altar of Cheibriados.
 24666 | D:10     | Gained mutation: Your tail ends in a poisonous barb. [Green
                  | Draconian growth]
 24666 | D:10     | Reached XP level 14. HP: 118/118 MP: 7/28
 26485 | D:11     | Found a roughly hewn altar of Beogh.
 26486 | D:11     | Found a staircase to the Orcish Mines.
 26610 | D:11     | Found a gate to the Vaults.
 27597 | Orc      | Entered the Orcish Mines
 27799 | Orc      | Noticed an orc warlord
 27839 | Orc      | Killed an orc warlord
 27840 | Orc      | Reached skill level 11 in Spellcasting
 28070 | Orc      | Found a viscous altar of Jiyva.
 28101 | Orc      | Found a staircase to the Slime Pits.
 28102 | Orc      | Found a viscous altar of Jiyva.
 29119 | Orc      | Reached skill level 1 in Transmutations
 29119 | Orc      | Reached skill level 1 in Fire Magic
 29542 | Orc      | Found Verari's Gadget Emporium.
 29542 | Orc      | Found Vuetos's Jewellery Shop.
 29630 | Orc      | Found a roughly hewn altar of Beogh.
 29949 | Orc      | Found Hituah's Assorted Antiques.
 29949 | Orc      | Found Lufag's General Store.
 29963 | Orc      | Bought 2 clear potions for 64 gold pieces
 29977 | Orc      | Bought 2 scrolls of identify for 52 gold pieces
 30316 | Swamp:1  | Entered Level 1 of the Swamp
 30335 | Swamp:1  | Learned a level 7 spell: Icicle Burst
 30430 | Swamp:1  | Reached skill level 12 in Spellcasting
 31015 | Swamp:1  | Noticed a wendigo
 31026 | Swamp:1  | Killed a wendigo
 31111 | Swamp:1  | Noticed a cyan very ugly thing
 31197 | Swamp:1  | Killed a cyan very ugly thing
 31198 | Swamp:1  | Reached XP level 15. HP: 125/125 MP: 31/31
 32608 | Swamp:2  | Noticed Roxanne
 33791 | Swamp:3  | Entered Level 3 of the Swamp
 35235 | Swamp:3  | Noticed the 27-headed Lernaean hydra
 35244 | Swamp:3  | Killed the 27-headed Lernaean hydra
 35531 | Swamp:3  | Got a decaying rune of Zot
 35854 | Swamp:3  | Reached skill level 10 in Ice Magic
 36503 | Snake:1  | Entered Level 1 of the Snake Pit
 36799 | Snake:1  | Identified the +7 chain mail of Vanity {rN+ Str+4}
 36838 | Snake:1  | Reached XP level 16. HP: 45/134 MP: 26/32
 38571 | Snake:1  | Found a radiant altar of Vehumet.
 38573 | Snake:1  | Found a transporter.
 39084 | Snake:1  | Learned a level 2 spell: Poisonous Vapours
 43164 | Snake:3  | Entered Level 3 of the Snake Pit
 43879 | Snake:3  | Reached XP level 17. HP: 125/140 MP: 18/33
 45051 | Snake:3  | Reached skill level 15 in Conjurations
 45946 | Snake:3  | Reached skill level 15 in Ice Magic
 47681 | Snake:3  | Got a serpentine rune of Zot
 49241 | Orc      | Reached XP level 18. HP: 147/147 MP: 25/34
 49259 | Orc      | Bought a curved glowing staff for 432 gold pieces
 49301 | Orc      | Bought a wand of scattershot (5) for 198 gold pieces
 49301 | Orc      | Bought a wand of paralysis (3) for 44 gold pieces
 49301 | Orc      | Bought a wand of iceblast (11) for 198 gold pieces
 49301 | Orc      | Bought a wand of iceblast (7) for 132 gold pieces
 49301 | Orc      | Bought a wand of iceblast (9) for 165 gold pieces
 49301 | Orc      | Bought a wand of iceblast (5) for 99 gold pieces
 49371 | D:12     | Entered Level 12 of the Dungeon
 49885 | D:12     | Found Mesuom's Distillery.
 49893 | D:12     | Bought a potion of haste for 130 gold pieces
 49899 | D:12     | Bought a potion of brilliance for 52 gold pieces
 49899 | D:12     | Bought a potion of curing for 32 gold pieces
 49899 | D:12     | Bought a potion of agility for 52 gold pieces
 49899 | D:12     | Bought a potion of might for 52 gold pieces
 49899 | D:12     | Bought a potion of heal wounds for 65 gold pieces
 49899 | D:12     | Bought a potion of magic for 65 gold pieces
 49899 | D:12     | Bought a potion of agility for 52 gold pieces
 49899 | D:12     | Bought a potion of cancellation for 65 gold pieces
 49899 | D:12     | Bought 2 potions of curing for 65 gold pieces
 50175 | D:12     | Found a staircase to the Depths.
 50914 | D:6      | Killed Burana's ghost
 51083 | D:9      | Killed Mehrunes's ghost
 51157 | D:9      | Identified the cursed +0 leather armour of Past Mistakes
                  | {rElec rC+}
 51221 | Vaults:1 | Entered Level 1 of the Vaults
 52603 | Vaults:1 | Found Heduk's Book Emporium.
 52679 | Vaults:1 | Found Neuxuiw's Jewellery Shoppe.
 53328 | Vaults:1 | Found Keblair's General Store.
 53336 | Vaults:1 | Bought a scroll of blinking for 90 gold pieces
 53369 | Vaults:1 | Found Pasyig's Antique Armour Emporium.
 53662 | Vaults:2 | Reached skill level 13 in Spellcasting
 53692 | Vaults:2 | Found Etiet's Antique Armour Shop.
 54287 | Vaults:2 | Found a staircase to the Crypt.
 54287 | Vaults:2 | Found a basalt altar of Yredelemnul.
 54331 | Vaults:2 | Found an ancient bone altar of Kikubaaqudgha.
 54930 | Vaults:2 | Reached XP level 19. HP: 154/154 MP: 21/36
 55275 | Vaults:2 | Identified the ring of Viripe Poin {Fire rElec rN+ MR-}
 55318 | Vaults:2 | Reached skill level 14 in Spellcasting
 55875 | Vaults:2 | Found Myvipi's Book Shop.
 55878 | Vaults:2 | Found Okkiuh's Armour Boutique.
 55894 | Vaults:2 | Found Cawium's Book Shoppe.
 55981 | Vaults:2 | Found Juxkuq's Assorted Antiques.
 55991 | Vaults:2 | Bought a scroll of fear for 200 gold pieces
 56507 | Elf:1    | Entered Level 1 of the Elven Halls
 56953 | Elf:1    | Reached skill level 15 in Spellcasting
 57270 | Elf:1    | Cast into level 1 of the Abyss (a deep elf sorcerer)
 57563 | Abyss:1  | Noticed a bone dragon
 57579 | Abyss:1  | Killed a bone dragon
 58075 | Elf:1    | Escaped the Abyss
 58409 | Elf:1    | Reached skill level 16 in Spellcasting
 58857 | Elf:1    | Identified Qubivot's Almanac of Glacial Confrontation
 59600 | Elf:2    | Found a runed gate.
 59601 | Elf:2    | Found a runed gate.
 59601 | Elf:2    | Found a runed gate.
 59619 | Elf:2    | Found Sofydav's Gadget Shoppe.
 60150 | Elf:2    | Reached skill level 17 in Spellcasting
 60398 | Elf:2    | Reached XP level 20. HP: 161/161 MP: 13/41
 61057 | Elf:3    | Entered Level 3 of the Elven Halls
 61941 | Elf:3    | Identified the ring "Lafuosm" {Fire Int+6 Slay-6}
 62066 | Elf:3    | Noticed Nikola
 62076 | Elf:3    | Killed Nikola
 62077 | Elf:3    | Reached skill level 18 in Spellcasting
 63578 | Elf:3    | Identified the +5 medium shield of the Apprentice {*Contam
                  | rPois Regen+ Dex+5}
 63590 | Elf:3    | Identified the +3 spear of Distraction {speed, *Rage rElec
                  | rF++ Stlth+}
 63592 | Elf:3    | Reached skill level 19 in Spellcasting
 64165 | Elf:3    | Identified the amulet of Siurgho {Rage +Fly rF+ Slay+2}
 64296 | Elf:3    | Learned a level 8 spell: Glaciate
 64901 | Crypt:1  | Entered Level 1 of the Crypt
 64911 | Crypt:1  | Reached skill level 1 in Air Magic
 65908 | Crypt:1  | Reached XP level 21. HP: 163/168 MP: 15/44
 66895 | Crypt:2  | Entered Level 2 of the Crypt
 67602 | Crypt:1  | Reached skill level 20 in Spellcasting
 67695 | Crypt:2  | Reached skill level 5 in Air Magic
 69490 | Crypt:2  | Noticed an ancient lich
 69494 | Crypt:2  | Found the +7 great mace "Undeadhunter" {disrupt, rN+}
 69817 | Crypt:2  | Found a staircase to the Tomb.
 70857 | Depths:1 | Entered Level 1 of the Depths
 72242 | Depths:1 | Reached skill level 10 in Air Magic
 73710 | Depths:1 | Found a gateway to Hell.
 73985 | Depths:2 | Identified the cursed ring of Undoing {Fire rN+}
 75068 | Depths:2 | Found a one-way gate leading to the halls of Pandemonium.
 75564 | Depths:2 | Identified the cursed +0 scale mail of Focus {rF++ MR++
                  | Int-5 Dex+4}
 75567 | Depths:2 | Noticed a Killer Klown
 75594 | Depths:2 | Reached XP level 22. HP: 153/174 MP: 15/46
 76361 | Depths:2 | Noticed a juggernaut
 76366 | Depths:2 | Killed a juggernaut
 76479 | Depths:2 | Killed a Killer Klown
 77694 | Depths:3 | Reached skill level 10 in Dodging
 78171 | Depths:3 | Noticed a greater mummy
 78181 | Depths:3 | Killed a greater mummy
 79613 | Depths:4 | Found a one-way gate to the infinite horrors of the Abyss.
 79819 | Depths:4 | Reached skill level 15 in Air Magic
 80046 | Depths:4 | Learned a level 8 spell: Chain Lightning
 80214 | Depths:4 | Noticed a caustic shrike
 80216 | Depths:4 | Killed a caustic shrike
 80298 | Depths:4 | Noticed a caustic shrike
 80304 | Depths:4 | Killed a caustic shrike
 80436 | Depths:4 | Noticed a golden dragon
 80436 | Depths:4 | Noticed a juggernaut
 80448 | Depths:4 | Killed a juggernaut
 81110 | Depths:4 | Killed a golden dragon
 81245 | Depths:4 | Noticed Xtahua
 81418 | Depths:4 | Killed Xtahua
 81419 | Depths:4 | Reached XP level 23. HP: 171/181 MP: 23/47
 81419 | Depths:4 | Found the +6 fire dragon scales of Xtahua {rF+++ rC- MR+}
 82023 | Depths:3 | Found Emahus's Jewellery Emporium.
 82023 | Depths:3 | Found Fehir's Gadget Boutique.
 82050 | Depths:3 | Found Xeomumi's Jewellery Emporium.
 82206 | Depths:5 | Entered Level 5 of the Depths
 82533 | Depths:5 | Noticed a caustic shrike
 82533 | Depths:5 | Noticed a caustic shrike
 82533 | Depths:5 | Noticed a caustic shrike
 82533 | Depths:5 | Noticed a caustic shrike
 82538 | Depths:4 | Killed a caustic shrike
 82541 | Depths:4 | Killed a caustic shrike
 82680 | Depths:4 | Demolished by a caustic shrike

Skill      XL: |  1  2  3  4  5  6  7  8  9 10 11 12 13 14 15 16 17 18 19 20 21 22 23 |
---------------+----------------------------------------------------------------------+-----
Spellcasting   | 3 4 6 10 12 13 17 19 20 | 20.0
Ice Magic      | 4 5 6 10 13 15 17 | 17.2
Fighting       | 2 4 10 | 10.0
Conjurations   | 2 4 6 8 10 13 14 16 17 | 17.2
Invocations    | 2 4 6 |  6.0
Evocations     | 2 4 |  4.0
Dodging        | 2 4 5 8 10 | 10.0
Maces & Flails | 4 10 | 10.0
Shields        | 3 6 7 8 |  8.0
Poison Magic   | 10 | 10.0
Transmutations | 2 |  2.0
Fire Magic     | 2 |  2.0
Air Magic      | 3 12 16 17 | 17.2
Stealth        | |  2.0

Action                   |  1- 3 |  4- 6 |  7- 9 | 10-12 | 13-15 | 16-18 | 19-21 | 22-24 || total
-------------------------+-------+-------+-------+-------+-------+-------+-------+-------++-------
Melee: Dagger            |    66 |     1 |       |       |       |       |       |       ||    67
       Tailslap          |     8 |    16 |    38 |    49 |    72 |    57 |    20 |     6 ||   266
       Short sword       |       |   111 |   269 |   271 |       |       |       |       ||   651
       Whip              |       |       |       |    86 |   581 |   504 |   131 |    20 ||  1322
       Staff             |       |       |       |       |       |    10 |     4 |     4 ||    18
Throw: Stone             |     3 |       |     1 |     3 |       |       |       |       ||     7
       Tomahawk          |       |       |       |    11 |    21 |    89 |    18 |       ||   139
 Cast: Freeze            |    43 |    67 |    44 |    70 |     7 |     1 |       |       ||   232
       Throw Frost       |     8 |     4 |    42 |    73 |   122 |     9 |    15 |     1 ||   274
       Throw Icicle      |       |       |    58 |   197 |   502 |   309 |   237 |   116 ||  1419
       Venom Bolt        |       |       |       |       |   100 |    11 |     1 |       ||   112
       Ignite Poison     |       |       |       |       |    44 |   159 |     4 |     4 ||   211
       Icicle Burst      |       |       |       |       |     1 |   144 |   401 |   117 ||   663
       Poisonous Vapours |       |       |       |       |       |   111 |       |       ||   111
       Glaciate          |       |       |       |       |       |       |       |    20 ||    20
       Chain Lightning   |       |       |       |       |       |       |       |     5 ||     5
Invok: Fungal Bloom      |       |       |     6 |     4 |     1 |       |       |       ||    11
       Evolution         |       |       |       |     1 |     2 |     1 |       |       ||     4
       Growth            |       |       |       |     1 |     1 |     1 |       |       ||     3
 Abil: Breathe Noxious F |       |       |    29 |    30 |    57 |    70 |     8 |     4 ||   198
       Evoke Invisibilit |       |       |       |       |       |       |     1 |       ||     1
Evoke: Wand              |       |       |       |    16 |    20 |     1 |     3 |     2 ||    42
       Phial of floods   |       |       |       |       |     1 |       |       |       ||     1
       Phantom mirror    |       |       |       |       |     1 |       |       |       ||     1
       Fan of gales      |       |       |       |       |       |       |     2 |     1 ||     3
  Use: Scroll            |       |     3 |     8 |    14 |    24 |     2 |    12 |     4 ||    67
       Potion            |       |       |       |       |     6 |       |     4 |     6 ||    16
 Stab: Sleeping          |     2 |     1 |       |       |     1 |       |     1 |       ||     5
       Confused          |       |       |    15 |     9 |    16 |    14 |     5 |       ||    59
       Paralysed         |       |       |       |    14 |       |     2 |       |       ||    16
  Eat: Chunk             |     4 |     9 |    38 |    38 |    64 |    70 |    42 |    17 ||   282
       Ration            |       |       |     6 |     6 |    13 |    17 |    14 |     4 ||    60
Armor: Skin              |    27 |    49 |    81 |   168 |   210 |   137 |   114 |    31 ||   817
Dodge: Dodged            |    49 |   104 |   171 |   364 |   338 |   408 |   213 |    61 ||  1708
Block: Buckler           |       |       |       |     5 |   298 |   329 |   193 |    77 ||   902
       Reflection        |       |       |       |       |     1 |    54 |    14 |    13 ||    82
